AoeStats
← [KMNB] Bandeira

African Clearing

505503439Analyzed
4v4 RM · 24d ago on Sep 9, 2026· 57m 35s· 8 players
Game mode
Random Map
Map size
Large (8 player)
Population
200
Speed
Normal
Resources
Standard
Victory
Conquest
Starting age
Dark Age
Ending age
Imperial Age
RankedLock teamsTeams togetherTeam positionsShared explorationLock speedFull tech treeHidden civsTurbo modeCheats
Victory
Defeat
🇩🇪 Lithuanians · Germany
1583
+15
🇨🇳 Mongols · China
1570
+16
🇨🇭 Tupi · Switzerland
1540
+17
🇨🇳 Mapuche · China
1500
+19
🇧🇷 Huns · Brazil
1620
-19
🇧🇷 Magyars · Brazil
1612
-20
🇧🇷 Mongols · Brazil
1556
-16
🇧🇷 Persians · Brazil
1455
-12
Marlin
13:27 Feudal Age
11:57 Loom
13:43 Feudal Age
14:47 Double-Bit Axe
15:19 Gold Mining
15:12 Horse Collar
17:43 Castle Age
15:33 Horse Collar
17:42 Fletching
26:24 Ballistics
26:15 Bodkin Arrow
27:51 Padded Archer Armor
36:14 Wheelbarrow
39:12 Imperial Age
36:28 Town Watch
38:16 Bow Saw
38:07 Heavy Plow
38:42 Gold Shaft Mining
39:14 Elite Bolas Rider
40:26 Hand Cart
40:31 Leather Archer Armor
41:05 Conscription
41:09 Malon
43:07 Butalmapu
44:08 Ring Archer Armor
43:49 Forging
44:21 Crop Rotation
43:42 Stone Mining
45:14 Elite Kona
46:55 Iron Casting
47:22 Hoardings
49:03 Blast Furnace
48:05 Scale Mail Armor
47:30 Pikeman
47:56 Arson
55:13 Chain Mail Armor
F1NBLOO
12:45 Feudal Age
12:37 Loom
16:59 Castle Age
14:52 Double-Bit Axe
18:44 Fletching
23:09 Bodkin Arrow
26:06 Horse Collar
26:39 Bow Saw
33:38 Wheelbarrow
33:55 Padded Archer Armor
40:17 Imperial Age
38:03 Hand Cart
37:34 Town Watch
38:12 Gold Mining
38:23 Heavy Plow
40:17 Ballistics
40:36 Elite Blackwood Archer
41:37 Conscription
41:29 Bracer
43:06 Chemistry
43:17 Curare
44:58 Two-Man Saw
44:34 Gold Shaft Mining
43:50 Stone Mining
43:41 Capped Ram
45:17 Siege Ram
Poggle-der-Fisch
9:11 Loom
11:04 Feudal Age
9:21 Loom
12:13 Town Watch
13:04 Wheelbarrow
12:27 Double-Bit Axe
19:00 Horse Collar
22:16 Forging
24:31 Stone Mining
28:57 Castle Age
28:12 Bloodlines
28:13 Scale Barding Armor
30:18 Bow Saw
30:19 Fletching
30:34 Husbandry
31:04 Gold Mining
33:33 Chain Barding Armor
35:34 Hand Cart
36:31 Hill Forts
40:28 Bodkin Arrow
41:18 Masonry
53:59 Stone Shaft Mining
54:23 Fortified Wall
59:46 Imperial Age
57:32 Light Cavalry
牛比无极限
3:19 Loom
3:39 Loom
12:10 Feudal Age
14:02 Scale Barding Armor
14:10 Forging
14:49 Scale Barding Armor
19:26 Bloodlines
23:28 Castle Age
24:20 Light Cavalry
28:48 Double-Bit Axe
30:39 Bow Saw
30:17 Horse Collar
31:06 Heavy Plow
36:06 Wheelbarrow
36:24 Bow Saw
40:45 Imperial Age
38:52 Fletching
39:03 Padded Archer Armor
39:59 Ballistics
39:49 Bodkin Arrow
40:52 Hand Cart
41:24 Leather Archer Armor
41:12 Husbandry
41:36 Bracer
42:39 Chemistry
42:35 Conscription
42:26 Elite Mangudai
44:21 Parthian Tactics
44:02 Thumb Ring
44:18 Hussar
45:20 Chain Barding Armor
45:36 Iron Casting
45:24 Gold Mining
49:04 Blast Furnace
53:41 Capped Ram
54:44 Drill
55:22 Siege Ram
[KMNB] Dedão
9:29 Loom
11:15 Feudal Age
12:14 Double-Bit Axe
15:35 Forging
16:21 Wheelbarrow
22:37 Castle Age
21:12 Gold Mining
21:07 Horse Collar
21:42 Fletching
23:11 Bloodlines
23:38 Bodkin Arrow
24:01 Husbandry
25:00 Bow Saw
28:53 Heavy Plow
32:16 Stone Mining
33:43 Hand Cart
34:00 Ballistics
33:48 Padded Archer Armor
34:49 Gold Shaft Mining
37:09 Imperial Age
35:20 Town Watch
36:29 Stone Shaft Mining
37:57 Bracer
39:07 Chemistry
39:38 Elite Mangudai
40:49 Parthian Tactics
41:35 Elite Mangudai
42:37 Leather Archer Armor
42:28 Scale Barding Armor
43:23 Conscription
44:15 Iron Casting
44:30 Thumb Ring
47:00 Masonry
48:15 Blast Furnace
46:38 Light Cavalry
47:47 Murder Holes
50:30 Chain Barding Armor
[KMNB] Preguiça
2:36 Loom
11:30 Feudal Age
11:59 Double-Bit Axe
15:08 Forging
17:35 Wheelbarrow
17:17 Fletching
17:47 Scale Barding Armor
21:37 Castle Age
20:30 Bloodlines
20:16 Gold Mining
20:17 Horse Collar
21:46 Light Cavalry
22:29 Husbandry
27:27 Bow Saw
30:57 Hand Cart
31:04 Chain Barding Armor
31:19 Iron Casting
32:13 Town Watch
34:35 Heavy Plow
38:04 Imperial Age
38:46 Gold Shaft Mining
37:49 Cavalier
39:08 Plate Barding Armor
39:09 Iron Casting
38:54 Stone Mining
41:00 Two-Man Saw
42:16 Blast Furnace
41:11 Savar
45:14 Conscription
48:44 Hussar
[KMNB] Bandeira
5:50 Loom
12:01 Feudal Age
12:39 Double-Bit Axe
12:46 Horse Collar
27:14 Castle Age
25:17 Gold Mining
29:58 Bloodlines
35:31 Crossbowman
38:41 Ballistics
38:22 Fletching
40:52 Bodkin Arrow
40:58 Padded Archer Armor
41:59 Bow Saw
53:19 Imperial Age
53:08 Wheelbarrow
52:57 Heavy Plow
53:26 Arbalester
54:11 Thumb Ring
54:34 Leather Archer Armor
54:38 Bracer
Fs.Khronos
4:48 Loom
12:20 Feudal Age
12:48 Double-Bit Axe
15:04 Fletching
23:37 Castle Age
22:03 Padded Archer Armor
32:05 Wheelbarrow
32:30 Horse Collar
33:53 Bodkin Arrow
37:13 Leather Archer Armor
37:25 Husbandry
38:30 Ballistics
39:30 Bloodlines
43:22 Imperial Age
41:09 Bow Saw
40:52 Elite Skirmisher
42:33 Thumb Ring
44:04 Hand Cart
43:35 Town Watch
44:10 Bracer
45:43 Chemistry
47:06 Parthian Tactics
48:35 Heavy Cavalry Archer
Connection lost

Rejoining the realm…

Still unreachable

The connection could not be restored.

Session expired

The server has moved on; the page needs a fresh start.